 Dungeon Crawl Stone Soup version 0.30-a0-329-g85436e0a43 (webtiles) character file.

Game seed: 3776141494652226149

22 lunkers the Digger (level 3, -4/26 HPs)
             Began as a Meteoran Earth Elementalist on Oct 28, 2022.
             Killed from afar by Sigmund (12 damage)
             ... with a puff of flame
             ... on level 3 of the Dungeon.
             The game lasted 00:00:49 (606 turns).

lunkers the Digger (Meteoran Earth Elementalist)     Turns: 606, Time: 00:00:49

Health: -4/26      AC:  2    Str:  9    XL:     3   Next: 23%
Magic:  1/8        EV: 12    Int: 19    God:
Gold:   79         SH:  0    Dex: 14    Spells: 2/8 levels left

rFire   . . .      SeeInvis .    g - staff of earth
rCold   + . .      Faith    .    (no shield)
rNeg    . . .      Spirit   .    a - +0 robe
rPois   .          Reflect  .    (no helmet)
rElec   .          Harm     .    (no cloak)
rCorr   +          Rampage  .    (no gloves)
Will    .....                    (no boots)
Stlth   +.........               (no amulet)
HPRegen 0.24/turn                i - ring of Wyasin {Fly rC+}
MPRegen 0.11/turn                d - ring of resist corrosion

@: flying, glowing
A: sense surroundings 1, otherworldly, glowing, explore regen
a: no special abilities


You were on level 3 of the Dungeon.
You visited 1 branch of the dungeon, and saw 3 of its levels.

You collected 79 gold pieces.

Inventory:

Armour
 a - a +0 robe (worn)
Magical Staves
 g - a staff of earth (weapon)
Jewellery
 d - a ring of resist corrosion (right hand)
 i - the ring of Wyasin (left hand) {Fly rC+}
   (You found it on level 2 of the Dungeon)

   [ring of protection from cold]

   rC:        It protects you from cold.
   Fly:       It grants you flight.
Scrolls
 c - a scroll of enchant weapon {unknown}
 e - a scroll of fear {unknown}
 h - 3 scrolls of identify {unknown}
Potions
 b - 2 potions of magic
 f - a potion of invisibility {unknown}


   Skills:
 - Level 2.4 Dodging
 - Level 1.4 Stealth
 + Level 3.2 Spellcasting
 * Level 0.3 Conjurations
 - Level 1.2 Transmutations
 * Level 4.4 Earth Magic


You had 2 spell levels left.
You knew the following spells:

 Your Spells              Type           Power      Damage    Failure   Level
a - Sandblast             Erth           60%        2d14      2%          1
b - Passwall              Tmut/Erth      16%        N/A       7%          2
c - Stone Arrow           Conj/Erth      36%        3d9       17%         3

Your spell library contained the following spells:

 Spells                   Type           Power      Damage    Failure   Level
 Petrify                  Tmut/Erth      20%        N/A       43%         4


Dungeon Overview and Level Annotations

Branches:
Dungeon (3/15) Zot: 1182

Altars:

Annotations:
D:3 Sigmund


Innate Abilities, Weirdness & Mutations

You passively map a small area around you.
You are easily found by Zot.
You glow in the dark.
You regain HP and MP as you explore.


Message History

Casting: Sandblast (safe; 2% risk of failure)
Confirm with . or Enter, or press ? or * to list all spells.
You feel a surge of power!
The blast of sand hits the hobgoblin!
You kill the hobgoblin!
Sigmund the Dreaded comes into view.
He is wielding a +0 scythe and carrying a wand of flame (18).
Sigmund shouts!
Sigmund mumbles some strange words.
Sigmund flickers and vanishes!
Deactivating autopickup; reactivate with Ctrl-A.
No target in view!
Aiming: Sandblast (safe; 2% risk of failure)
Press: ? - help, Q - select action, (/) - cycle Shift-Dir - straight line You feel a surge of power!
The blast of sand hits something.
Aiming: Sandblast (safe; 2% risk of failure)
Press: ? - help, Q - select action, (/) - cycle Shift-Dir - straight line You feel a surge of power!
The blast of sand hits something!
You hear a zap.
A puff of flame appears from out of thin air!
The puff of flame hits you! Something hits you but does no damage.
Aiming: Sandblast (safe; 2% risk of failure)
Press: ? - help, Q - select action, (/) - cycle Shift-Dir - straight line You feel a surge of power!
The blast of sand hits something.
You hear a zap.
A puff of flame appears from out of thin air!
The puff of flame hits you!
* * * LOW HITPOINT WARNING * * *
Aiming: Sandblast (safe; 2% risk of failure)
Press: ? - help, Q - select action, (/) - cycle Shift-Dir - straight line You feel a surge of power!
The blast of sand hits something!
* * * LOW MAGIC WARNING * * *
Something hits you.
* * * LOW HITPOINT WARNING * * *
Aiming: Sandblast (safe; 2% risk of failure)
Press: ? - help, Q - select action, (/) - cycle Shift-Dir - straight line You feel a surge of power!
* * * LOW MAGIC WARNING * * *
You hear a zap.
A puff of flame appears from out of thin air!
The puff of flame hits you!
You die...

, , , , ,
, * ,,
#######, ,
*#.....#,,
, #..<..#
,,+.....#
,* #.....#
, * ,,
#.##### ,
, * #@# *
#.# * *
#{# #.#
#.# * #..
, ###* * 8
*


There were no monsters in sight!

Vanquished Creatures
  An adder (D:2)
  A bat (D:2)
  A giant cockroach (D:2)
  5 hobgoblins
  A quokka (D:2)
  2 kobolds
  A rat (D:2)
12 creatures vanquished.

Notes
Turn   | Place    | Note
-------+----------+-------------------------------------------
     0 | D:1      | lunkers the Meteoran Earth Elementalist began the quest for
                  | the Orb.
     0 | D:1      | Reached XP level 1. HP: 14/14 MP: 5/5
   169 | D:1      | Reached XP level 2. HP: 20/20 MP: 2/6
   222 | D:2      | Reached skill level 4 in Earth Magic
   226 | D:2      | Identified the ring of Wyasin {Fly rC+}
   283 | D:2      | Reached XP level 3. HP: 17/26 MP: 5/8
   473 | D:2      | Learned a level 2 spell: Passwall
   477 | D:2      | Learned a level 3 spell: Stone Arrow
   599 | D:3      | Noticed Sigmund
   606 | D:3      | Killed from afar by Sigmund

Illustrated notes

Levels and vault maps discovered:
D:1:      erik_arrival_blinker_ship, layout_loops_cross
D:2:      layout_loops_ring, feat_on_display
D:3:      layout_basic, amethyst_overflow_temple_binary, portal_sewer_entry_d,
          minmay_fractal_squares_5, uniq_sigmund

Skill      XL: |  1  2 |
---------------+-------+-----
Earth Magic    | 4 |  4.4
Spellcasting   | 3 |  3.2
Dodging        | |  2.4
Stealth        | |  1.4
Conjurations   | |  0.3
Transmutations | |  1.2

Action                   || total
-------------------------++-------
 Cast: Sandblast         ||    25
Armor: Robe              ||     1
Dodge: Dodged            ||     4

Table legend: (Time is in decaauts)
 A = Elapsed time spent in this place.
 B = Non-inter-level travel time spent in this place.
 C = Inter-level travel time spent in this place.
 D = Time resting spent in this place.
 E = Time spent auto-exploring this place.
 F = Levels seen in this place.
 G = Mean time per level.
                   A        B        C        D        E       F      G
               +--------+--------+--------+--------+--------+-----+--------+
         Total |    616 |    605 |     11 |      0 |    513 |   3 |  205.3 |
       Dungeon |    616 |    605 |     11 |      0 |    513 |   3 |  205.3 |
               +--------+--------+--------+--------+--------+-----+--------+

Top non-repeatable levels by time:
     D:2: 383 daAuts
     D:1: 218 daAuts
     D:3: 13 daAuts
